 Dungeon Crawl Stone Soup version 0.23.2-1-ga50397a (webtiles) character file.

Game seed: 3265955904593244629

71 myga the Stinger (level 4, -2/27 HPs)
             Began as an Octopode Venom Mage on May 4, 2019.
             Killed from afar by an orc wizard (6 damage)
             ... with a magic dart
             ... on level 3 of the Dungeon.
             The game lasted 00:07:11 (1372 turns).

myga the Stinger (Octopode Venom Mage)              Turns: 1372, Time: 00:07:12

Health: -2/27      AC:  1    Str:  7    XL:     4   Next: 24%
Magic:  2/7        EV: 13    Int: 17    God:
Gold:   86         SH:  0    Dex: 13    Spells: 1/7 levels left

rFire    . . .     SeeInvis .   c - +1 dagger (venom)
rCold    . . .     Gourm    .   (no shield)
rNeg     . . .     Faith    .   (helmet restricted)
rPois    +         Spirit   .   (no amulet)
rElec    .         Reflect  .   j - ring of poison resistance
rCorr    .         Harm     .   (no ring)
MR       .....                  (no ring)
Stlth    ++++......             (no ring)
HPRegen  0.09/turn              (no ring)
MPRegen  0.10/turn              (no ring)
                                (no ring)
                                (no ring)

@: no status effects
A: almost no armour, stealthy swim, amphibious, 8 rings, constrict 8, camouflage
1, gelatinous body 1
a: no special abilities


You were on level 3 of the Dungeon.
You were not hungry.

You visited 1 branch of the dungeon, and saw 3 of its levels.

You collected 86 gold pieces.

Inventory:

Hand Weapons
 c - a +1 dagger of venom (weapon)
Missiles
 d - 113 stones (quivered)
Jewellery
 j - a ring of poison resistance (left tentacle)
Scrolls
 e - a scroll of magic mapping
 g - 4 scrolls of identify {unknown}
 h - a scroll of noise {unknown}
 m - a scroll of immolation {unknown}
 n - a scroll of blinking
 p - a scroll of fog {unknown}
Potions
 a - a potion of agility {unknown}
 i - a potion of degeneration {unknown}
 k - a potion of berserk rage {unknown}
 l - a potion of curing {unknown}
 o - a potion of brilliance {unknown}
 q - a potion of resistance {unknown}
Comestibles
 b - 5 rations
 f - 5 chunks of flesh


   Skills:
 + Level 0.4 Fighting
 + Level 0.1 Short Blades
 + Level 2.3 Dodging
 + Level 4.1 Stealth
 + Level 2.1 Spellcasting
 + Level 1.0 Conjurations
 + Level 4.8 Poison Magic


You had one spell level left.
You knew the following spells:

 Your Spells              Type           Power        Failure   Level  Hunger
a - Sting                 Conj/Pois      ##..         6%          1    #......
b - Poisonous Vapours     Pois/Air       #.....       11%         2    ###....
c - Mephitic Cloud        Conj/Pois/Air  #.......     26%         3    ###....

Your spell library contained the following spells:

 Spells                   Type           Power        Failure   Level  Hunger
 Olgreb's Toxic Radiance  Pois           ###.....     26%         4    #####..
 Venom Bolt               Conj/Pois      ##........   85%         5    ######.


Dungeon Overview and Level Annotations

Branches:
Dungeon (3/15)

Altars:
Ashenzari


Innate Abilities, Weirdness & Mutations

You cannot wear most types of armour.
You are very stealthy in the water. (Stealth+)
You are amphibious.
You can wear up to eight rings at the same time.
You can use your tentacles to constrict eight enemies at once.
Your skin changes colour to match your surroundings (Stealth+).
Your rubbery body absorbs attacks. (AC +1, EV +1)


Message History

You hit the orc.
The orc looks as sick as possible!
Your grab misses the orc.
The orc is severely wounded.
You kill the orc!
You closely miss the orc. You grab the orc. You constrict the orc.
The orc hits you with a +0 hand axe!
You release your grip on the orc.
You barely miss the orc. Your grab misses the orc.
The orc is moderately wounded.
The orc hits you but does no damage.
An orc comes into view. It is wielding a +0 hand axe.
You closely miss the orc.
The orc shouts!
You grab the orc. You squeeze the orc.
You kill the orc!
The orc wizard gestures at you while chanting.
The magic dart hits you!
* * * LOW HITPOINT WARNING * * *
The orc wizard points at you and mumbles some strange words.
The magic dart hits you.
You die...

####( ..o #. #(# #.
.#.# #.#####.#.#
#...#...#o# #.#.#.#
#)# #.#...###)# ####
#.......@.#
...#######......###
................P.###
##.#######.....P÷..P#
#.# #...#.#P.P.# ##.#
#..##.#PP..# ...#
#.....#...P# .###
##.####..P## .# #.#
###.#


You could see an orc wizard and an orc.

Vanquished Creatures
  2 adders (D:2)
  An ooze (D:2)
  A worm (D:2)
  2 dart slugs
  2 leopard geckos
  4 orcs (D:3)
  A bat (D:2)
  2 goblins
  3 hobgoblins
  2 jackals (D:2)
  11 frilled lizards
  5 kobolds
  5 rats
  A plant (D:3)
42 creatures vanquished.

Notes
Turn   | Place    | Note
-------+----------+-------------------------------------------
     0 | D:1      | myga the Octopode Venom Mage began the quest for the Orb.
     0 | D:1      | Reached XP level 1. HP: 11/11 MP: 3/3
   274 | D:1      | Reached XP level 2. HP: 17/17 MP: 5/5
   281 | D:1      | Learned a level 2 spell: Poisonous Vapours
   596 | D:2      | Found a shattered altar of Ashenzari.
   689 | D:2      | Reached XP level 3. HP: 14/21 MP: 6/6
   726 | D:2      | Learned a level 3 spell: Mephitic Cloud
  1282 | D:3      | Reached XP level 4. HP: 27/27 MP: 7/7
  1372 | D:3      | Killed from afar by an orc wizard

Skill      XL: |  1  2  3  4 |
---------------+-------------+-----
Poison Magic   | 4 |  4.8
Stealth        | 3 4 |  4.1
Fighting       | |  0.4
Short Blades   | |  0.1
Dodging        | |  2.3
Spellcasting   | |  2.1
Conjurations   | |  1.0

Action                   |  1- 3 |  4- 6 || total
-------------------------+-------+-------++-------
Melee: Dagger            |    23 |    19 ||    42
       Unarmed           |     2 |       ||     2
       Constrict         |     8 |     7 ||    15
       Tentacles         |     6 |     3 ||     9
Throw: Stone             |     2 |     6 ||     8
 Cast: Sting             |    17 |     7 ||    24
       Poisonous Vapours |     1 |     2 ||     3
  Use: Scroll            |     2 |       ||     2
 Stab: Sleeping          |    11 |       ||    11
  Eat: Chunk             |     1 |     1 ||     2
Armor: Skin              |     4 |     1 ||     5
Dodge: Dodged            |    10 |       ||    10
